 Dungeon Crawl Stone Soup version 0.21-a0-634-gaf8bc5d (webtiles) character file.

228 Leszczynek the Grave Robber (level 6, 37/37 HPs)
             Began as a Tengu Necromancer on Dec 28, 2017.
             Quit the game on level 3 of the Dungeon on Dec 29, 2017.
             The game lasted 00:17:28 (2600 turns).

Leszczynek the Grave Robber (Tengu Necromancer)     Turns: 2600, Time: 00:17:28

Health: 37/37      AC:  4    Str: 11    XL:     6   Next: 2%
Magic:  11/11      EV: 12    Int: 24    God:
Gold:   150        SH:  0    Dex: 14    Spells: 2/11 levels left

rFire    . . .     SeeInvis .   a - +0 war axe
rCold    . . .     Gourm    .   (no shield)
rNeg     + . .     Faith    .   l - +2 robe {rN+}
rPois    .         Spirit   .   (helmet restricted)
rElec    .         Reflect  .   (no cloak)
rCorr    .         Harm     .   (no gloves)
MR       .....                  (boots unavailable)
Stlth    ++........             (no amulet)
HPRegen  0.12/turn              n - +6 ring of intelligence
MPRegen  0.12/turn              s - +3 ring of strength

@: no status effects
A: beak, talons 3, able to fly 1
a: Fly


You were on level 3 of the Dungeon.
You were not hungry.

You visited 1 branch of the dungeon, and saw 4 of its levels.

You collected 150 gold pieces.

Inventory:

Hand Weapons
 a - a +0 war axe (weapon)
 c - a +0 blowgun
Missiles
 e - 8 poisoned needles
 y - 5 javelins (quivered)
Armour
 l - a +2 robe of positive energy (worn)
Magical Staves
 g - an uncursed staff of earth
Jewellery
 i - an uncursed ring of ice
 n - a +6 ring of intelligence (left hand)
 s - a +3 ring of strength (right hand)
 u - an uncursed ring of flight
Wands
 z - a wand of digging (9)
Scrolls
 f - a scroll of teleportation
 j - 2 scrolls of fear {unknown}
 m - a scroll of random uselessness {unknown}
 o - a scroll of blinking {unknown}
 p - 2 scrolls of enchant armour {unknown}
 r - a scroll of noise {unknown}
 x - a scroll of identify {unknown}
 A - a scroll of enchant weapon {unknown}
Potions
 k - a potion of brilliance {unknown}
 q - a potion of flight
 t - a potion of resistance {unknown}
 v - a potion of might {unknown}
 w - a potion of ambrosia
 B - a potion of curing {@q1}
Books
 b - a book of Necromancy

   Spells                             Type                      Level
   a - Pain                           Necromancy                   1
   b - Animate Skeleton               Necromancy                   1
   c - Vampiric Draining              Necromancy                   3
   d - Regeneration                   Charms/Necromancy            3
   e - Animate Dead                   Necromancy                   4
   f - Borgnjor's Vile Clutch         Necromancy/Earth             5
Comestibles
 d - 8 rations


   Skills:
 * Level 3.1 Fighting
 + Level 2.1 Dodging
 - Level 2.0 Stealth
 - Level 3.0 Spellcasting
 + Level 6.1 Necromancy


You had 2 spell levels left.
You knew the following spells:

 Your Spells              Type           Power        Failure   Level  Hunger
a - Pain                  Necr           ####         1%          1    None
b - Animate Skeleton      Necr           N/A          1%          1    None
c - Vampiric Draining     Necr           ####......   2%          3    ###....
d - Animate Dead          Necr           N/A          9%          4    ####...


Dungeon Overview and Level Annotations

Branches:
Dungeon (4/15)
 Temple: D:4-7

Altars:
Uskayaw
Xom

Annotations:
D:4 exclusion: orc wizard


Innate Abilities, Weirdness & Mutations

You have a beak for a mouth.
You have claws for feet.
You can fly.


Message History

Magic restored.
Unknown command.
You start resting.
Eating a chunk of flesh.
You eat the chunk of flesh.
This raw flesh tastes terrible.
HP restored.
Unknown command.
You see here a short sword.
There is a stone staircase leading down here.
You climb downwards.
There is a stone staircase leading up here.
Save game and exit?
Welcome back, Leszczynek the Tengu Necromancer.
Press ? for a list of commands and other information.
Save game and exit?
Welcome back, Leszczynek the Tengu Necromancer.
Press ? for a list of commands and other information.
Save game and exit?
Okay, then.
Are you sure you want to abandon this character and quit the game? (Confirm with "yes".)

...#
#....................#.
...#
#................#####.
...#
####..)................
...#
#.......#.....#####.
.<.# #.......#.....# #.
...#
######.......#.....# #)
...#
.............####### ##
#### .............#
........@#####
.........# .........#
.........# ##########


There were no monsters in sight!

Vanquished Creatures
  A bullfrog (D:4)
  A hound (D:2)
  A hound skeleton (D:4)
  A gnoll (D:4)
  4 adders
  2 worms (D:2)
  2 leopard geckos
  5 orcs
  3 giant cockroaches
  7 goblins
  7 hobgoblins
  A quokka (D:3)
  A ball python (D:2)
  12 bats
  A frilled lizard (D:1)
  7 kobolds
  7 rats
63 creatures vanquished.

Vanquished Creatures (collateral kills)
  2 dart slugs
  2 orcs (D:4)
  A giant cockroach (D:2)
  A rat (D:1)
6 creatures vanquished.

Grand Total: 69 creatures vanquished

Notes
Turn   | Place    | Note
-------+----------+-------------------------------------------
     0 | D:1      | Leszczynek the Tengu Necromancer began the quest for the Orb.
     0 | D:1      | Reached XP level 1. HP: 10/10 MP: 4/4
     2 | D:1      | Learned a level 1 spell: Animate Skeleton
   207 | D:1      | Reached XP level 2. HP: 9/15 MP: 4/6
   259 | D:1      | Reached skill level 5 in Necromancy
   285 | D:1      | "a cursed -3 short sword"
   285 | D:1      | of course
   646 | D:1      | Reached XP level 3. HP: 15/19 MP: 2/7
   748 | D:1      | Learned a level 3 spell: Vampiric Draining
   971 | D:2      | Reached skill level 6 in Necromancy
   971 | D:2      | Reached XP level 4. HP: 12/24 MP: 0/8
  1260 | D:2      | Found a hide-covered altar of Uskayaw.
  1501 | D:2      | HP: 4/24 [poisoned by a kobold]
  1602 | D:3      | Reached skill level 3 in Spellcasting
  1602 | D:3      | Gained mutation: You can fly. [Tengu growth]
  1602 | D:3      | Reached XP level 5. HP: 27/28 MP: 4/10
  1608 | D:3      | Learned a level 4 spell: Animate Dead
  1841 | D:4      | Reached skill level 1 in Fighting
  1880 | D:4      | Found a shimmering altar of Xom.
  1982 | D:4      | Reached skill level 2 in Fighting
  2291 | D:3      | HP: 4/32 [gnoll/flail (10)]
  2348 | D:2      | Reached skill level 3 in Fighting
  2348 | D:2      | Reached XP level 6. HP: 9/37 MP: 7/11
  2600 | D:3      | Upgraded the game from 0.21-a0-633-g4c047d5 to 0.21-a0-634-gaf8bc5d
  2600 | D:3      | Quit the game

Vault maps used:
D:1:      lightli_arrival_statue_moat
D:2:      lemuel_crystal_altar, minivault_25, minmay_pentomino_o2
D:3:      first_ration, minmay_splitting_lines, uniq_sigmund
D:4:      lemuel_round_altar, minmay_temple_entry_mist, guppyfry_early_orc_mine

Skill      XL: |  1  2  3  4  5 |
---------------+----------------+-----
Necromancy     | 5 6 |  6.1
Spellcasting   | 3 |  3.0
Fighting       | 3 |  3.1
Dodging        | |  2.1
Stealth        | |  2.0

Action                   |  1- 3 |  4- 6 || total
-------------------------+-------+-------++-------
Melee: Club              |     1 |       ||     1
       Short sword       |    14 |    18 ||    32
       Kick              |     3 |     5 ||     8
       Peck              |       |     4 ||     4
       War axe           |       |    12 ||    12
 Cast: Pain              |    36 |    56 ||    92
       Animate Skeleton  |     7 |    14 ||    21
       Vampiric Draining |     1 |     5 ||     6
 Abil: Fly               |       |     1 ||     1
  Use: Potion            |       |     3 ||     3
       Scroll            |       |     2 ||     2
 Stab: Sleeping          |     2 |       ||     2
  Eat: Chunk             |     1 |     6 ||     7
Armor: Robe              |     5 |    22 ||    27
Dodge: Dodged            |    25 |    35 ||    60

Table legend:
 A = Spawn XP
 B = Non-spawn XP
 C = Spawn XP percentage of total XP
 D = Spawn monster count
 E = Non-spawn monster count
 F = Spawn count percentage of total count
 G = Total turns spent on level
                    A         B        C        D         E        F      G
               +---------+---------+-------+---------+---------+-------+---------
         Total |       0 |     326 |   0.0 |       0 |      69 |   0.0 |  2600
               +---------+---------+-------+---------+---------+-------+---------
           D:1 |       0 |      44 |   0.0 |       0 |      27 |   0.0 |   861
           D:2 |       0 |     110 |   0.0 |       0 |      18 |   0.0 |   827
           D:3 |       0 |      38 |   0.0 |       0 |      14 |   0.0 |   465
           D:4 |       0 |     134 |   0.0 |       0 |      10 |   0.0 |   447
               +---------+---------+-------+---------+---------+-------+---------
